 Dungeon Crawl Stone Soup version bcrawl-1.15.1 (webtiles) character file.

Game seed: 9510455391329449612

112 lis82 the Sneak (level 4, -3/33 HPs)
             Began as a Demigod Enchanter on Oct 4, 2019.
             Slain by an orc warrior
             ... wielding a +0 mace
              (12 damage)
             ... on level 3 of the Dungeon.
             The game lasted 00:10:37 (3661 turns).

lis82 the Sneak (Demigod Enchanter)                 Turns: 3661, Time: 00:10:38

Health: -3/33      AC:  4    Str: 12    XL:     4   Next: 63%
Magic:  4/10       EV: 12    Int: 21    God:    Demigod [*.....]
Gold:   173        SH:  0    Dex: 17    Spells: 5/8 levels left

rFire    . . .     SeeInvis .   a - +1 dagger
rCold    . . .     Gourm    .   (no shield)
rNeg     . . .     Faith    .   u - +0 leather armour
rPois    .         Spirit   .   v - +1 hat
rElec    .         Reflect  .   (no cloak)
rCorr    .         Harm     .   (no gloves)
MR       .....                  (no boots)
Stlth    +++.......             (no amulet)
HPRegen  0.11/turn              (no ring)
MPRegen  0.12/turn              (no ring)

@: no status effects
A: high mp 1
a: Temporal Distortion


You were on level 3 of the Dungeon.
You worshipped Demigod.
Demigod was aware of your devotion.
You were hungry.

You visited 1 branch of the dungeon, and saw 3 of its levels.

You collected 173 gold pieces.

Inventory:

Hand Weapons
 a - a +1 dagger (weapon)
Armour
 u - a +0 leather armour (worn)
 v - a +1 hat (worn)
Wands
 k - a wand of scattershot (6)
Scrolls
 d - a scroll of fog
 h - a scroll of blinking {unknown}
 i - 2 scrolls of immolation {unknown}
 m - a scroll of teleportation
 n - a scroll of enchant weapon {unknown}
 p - a scroll of remove curse {unknown}
 q - a scroll of enchant armour {unknown}
Potions
 c - a potion of magic {unknown}
 e - a potion of flight
 j - a potion of invisibility
 l - a potion of brilliance
 o - 2 potions of might
 r - a potion of degeneration {unknown}
 s - 2 potions of agility {unknown}
 t - a potion of resistance {unknown}
Comestibles
 f - 6 rations {!d}


   Skills:
 - Level 0.8 Short Blades
 - Level 1.7 Dodging
 - Level 4.0 Stealth
 + Level 2.6 Spellcasting
 - Level 3.6 Hexes
 - Level 0.2 Ice Magic


You had 5 spell levels left.
You knew the following spells:

 Your Spells              Type           Power        Failure   Level  Hunger
a - Corona                Hex            ###....      4%          1    None
b - Ensorcelled Hibernat  Hex/Ice        ##....       12%         2    ##.....

Your spell library contained the following spells:

 Spells                   Type           Power        Failure   Level  Hunger
 Confuse                  Hex            ###.....     12%         3    ###....
 Tukima's Dance           Hex            ###.....     12%         3    ###....
 Dazzling Spray           Conj/Hex       ##....       26%         3    ###....


Dungeon Overview and Level Annotations

Branches:
Dungeon (3/12)


Innate Abilities, Weirdness & Mutations

You have an increased reservoir of magic. (+10% MP)


Message History

Aim: an orc warrior, wielding a +0 mace and wearing a +0 plate armour (chance to defeat MR: 41%)
The orc warrior resists with some effort.
The orc warrior hits you with a +0 mace!
Casting: Ensorcelled Hibernation (safe; 12% risk of failure)
Confirm with . or Enter, or press ? or * to list all spells.
Aiming: Ensorcelled Hibernation (safe; 12% risk of failure)
Press: ? - help, Shift-Dir - straight line, f/p - orc warrior
Aim: an orc warrior, wielding a +0 mace and wearing a +0 plate armour (chance to defeat MR: 41%)
The orc warrior resists with some effort.
The orc warrior hits you with a +0 mace!
* * * LOW HITPOINT WARNING * * *
Casting: Ensorcelled Hibernation (safe; 12% risk of failure)
Confirm with . or Enter, or press ? or * to list all spells.
Aiming: Ensorcelled Hibernation (safe; 12% risk of failure)
Press: ? - help, Shift-Dir - straight line, f/p - orc warrior
Aim: an orc warrior, wielding a +0 mace and wearing a +0 plate armour (chance to defeat MR: 41%)
The orc warrior resists with some effort.
The orc warrior hits you with a +0 mace!
You die...
Your divinity fades.

#.#..##......................#
#.
#.#..##..........#.#######.###
#. #.#..###.#######.#.# #.# ##
.................#.# #.#
#.######.#########.# #.#
#.####.#.#########.# #o#
...................# #.#
#.######.#################.#
................@oo........#
#.######.###################
#........# ##########


You could see an orc warrior and an orc.

Vanquished Creatures
  3 adders
  7 worms
  2 leopard geckos (D:3)
  4 orcs
  2 giant cockroaches
  6 goblins
  6 hobgoblins
  2 jackals (D:3)
  6 quokkas
  4 bats
  3 frilled lizards (D:2)
  5 kobolds
  6 rats
56 creatures vanquished.

Notes
Turn   | Place    | Note
-------+----------+-------------------------------------------
     0 | D:1      | lis82 the Demigod Enchanter began the quest for the Orb.
     0 | D:1      | Reached XP level 1. HP: 14/14 MP: 5/5
   168 | D:1      | Reached XP level 2. HP: 20/20 MP: 7/7
   982 | D:2      | Learned a level 2 spell: Ensorcelled Hibernation
  1129 | D:2      | Reached XP level 3. HP: 20/26 MP: 3/8
  1746 | D:2      | Found a glowing golden altar of the Shining One.
  1746 | D:2      | Found an ancient bone altar of Kikubaaqudgha.
  1757 | D:2      | Found a stormy altar of Qazlal.
  1762 | D:2      | Found a faded altar of an unknown god.
  1763 | D:2      | Found a faded altar of an unknown god.
  1888 | D:2      | Reached * piety under Demigod
  1943 | D:2      | Found an iron altar of Okawaru.
  2375 | D:2      | HP: 1/26 [hobgoblin (4)]
  2378 | D:2      | Reached XP level 4. HP: 2/33 MP: 1/10
  3079 | D:3      | Reached skill level 4 in Stealth
  3610 | D:3      | Noticed an orc warrior
  3661 | D:3      | Slain by an orc warrior

Skill      XL: |  1  2  3  4 |
---------------+-------------+-----
Spellcasting   | 2 |  2.6
Hexes          | 3 |  3.6
Stealth        | 4 |  4.0
Short Blades   | |  0.8
Dodging        | |  1.7
Ice Magic      | |  0.2

Action                   |  1- 3 |  4- 6 || total
-------------------------+-------+-------++-------
Melee: Dagger            |   124 |    50 ||   174
 Cast: Corona            |     5 |     1 ||     6
       Ensorcelled Hiber |    17 |    20 ||    37
  Use: Scroll            |       |     6 ||     6
       Potion            |       |     1 ||     1
 Stab: Sleeping          |    15 |    11 ||    26
  Eat: Chunk             |     6 |     4 ||    10
Armor: Robe              |    16 |       ||    16
       Leather armour    |       |     9 ||     9
Dodge: Dodged            |    70 |    38 ||   108
